 Dungeon Crawl Stone Soup version 0.28.0 (webtiles) character file.

Game seed: 10652823989089624026

767 browni3141 the Chopper (level 7, 0/88 HPs)
             Began as a Minotaur Berserker on Feb 16, 2022.
             Was a Priest of Trog.
             Slain by Duvessa (6 damage)
             ... on level 5 of the Dungeon.
             The game lasted 00:02:31 (4373 turns).

browni3141 the Chopper (Minotaur Berserker)         Turns: 4373, Time: 00:02:32

Health: 0/88       AC:  8    Str: 24    XL:     7   Next: 52%
Magic:  15/15      EV: 10    Int:  4    God:    Trog [***...]
Gold:   241        SH: 10    Dex:  9    Spells: 6/6 levels left

rFire   . . .      SeeInvis +   x - +0 war axe
rCold   . . .      Faith    .   i - +1 kite shield {AC+3}
rNeg    . . .      Spirit   .   b - +0 animal skin
rPois   .          Reflect  .   n - +1 hat
rElec   .          Harm     .   (no cloak)
rCorr   .          Rampage  .   v - +0 pair of gloves
Will    .....                   s - +0 pair of boots
Stlth   ..........              (no amulet)
HPRegen 0.24/turn               r - ring of magical power
MPRegen 0.14/turn               z - ring of see invisible

@: berserking (expiring), very quick
A: horns 2, retaliatory headbutt
a: Renounce Religion, Berserk, Trog's Hand


You were on level 5 of the Dungeon.
You worshipped Trog.
Trog was most pleased with you.
You visited 1 branch of the dungeon, and saw 5 of its levels.

You collected 241 gold pieces.

Inventory:

Hand Weapons
 a - a +0 hand axe
 x - a +0 war axe (weapon)
Armour
 b - a +0 animal skin (worn)
 i - a +1 kite shield of protection (worn)
 n - a +1 hat (worn)
 s - a +0 pair of boots (worn)
 v - a +0 pair of gloves (worn)
Jewellery
 r - a ring of magical power (left hand)
 y - a +6 ring of intelligence
 z - a ring of see invisible (right hand)
Wands
 j - a wand of acid (24)
Scrolls
 d - 2 scrolls of vulnerability {unknown}
 f - a scroll of blinking {unknown}
 g - 2 scrolls of brand weapon {unknown}
 h - 2 scrolls of fear {unknown}
 k - 4 scrolls of identify {unknown}
 l - a scroll of teleportation {unknown}
 q - 2 scrolls of amnesia {unknown}
 t - a scroll of noise {unknown}
 u - a scroll of enchant weapon {unknown}
 w - a scroll of fog {unknown}
Potions
 c - a potion of heal wounds {unknown}
 e - a potion of ambrosia {unknown}
 m - 3 potions of flight {unknown}
 o - a potion of magic {unknown}
 p - a potion of lignification {unknown}


   Skills:
 - Level 4.1 Fighting
 * Level 7.9 Axes
 - Level 3.0 Armour
 - Level 2.1 Dodging
 * Level 6.5 Shields


You had 6 spell levels left.
You didn't know any spells.
Your spell library was empty.

Dungeon Overview and Level Annotations

Branches:
Dungeon (5/15)             Temple (0/1) D:5

Altars:
Wu Jian

Annotations:
D:5 Duvessa, Ijyb


Innate Abilities, Weirdness & Mutations

You have a pair of horns on your head.
You reflexively headbutt those who attack you in melee.


Message History

Trog appreciates your killing of a magic user.
Duvessa screams, "No!
How DARE you!"
Duvessa goes berserk!
You barely miss Duvessa. You closely miss Ijyb. You block Duvessa's attack.
Duvessa barely misses you. Ijyb barely misses you.
Unknown command.
You closely miss Duvessa.
Duvessa is almost dead.
You hit Ijyb but do no damage. You block Duvessa's attack. x2
Unknown command.
You closely miss Duvessa.
Duvessa is almost dead.
You closely miss Ijyb. You block Duvessa's attack.
Ijyb hits you but does no damage. You block Duvessa's attack.
Unknown command.
You barely miss Duvessa. Your headbutt misses Duvessa.
Duvessa is almost dead.
You hit Ijyb.
Duvessa hits you with a +4 rapier of speed!
* * * LOW HITPOINT WARNING * * *
Ijyb closely misses you.
Duvessa hits you with a +4 rapier of speed.
* * * LOW HITPOINT WARNING * * *
Unknown command.
You closely miss Duvessa. Your headbutt misses Duvessa.
Duvessa is almost dead.
You hit Ijyb. Duvessa barely misses you. You furiously retaliate!
You headbutt Duvessa. Ijyb barely misses you. You block Duvessa's attack.
Unknown command.
You barely miss Duvessa. Your headbutt misses Duvessa.
Duvessa is almost dead.
You barely miss Ijyb.
Duvessa hits you with a +4 rapier of speed.
* * * LOW HITPOINT WARNING * * *
You block Ijyb's attack. You block Duvessa's attack.
Unknown command.
You closely miss Duvessa. Your headbutt misses Duvessa.
Duvessa is almost dead.
You closely miss Ijyb.
Duvessa hits you with a +4 rapier of speed.
You die...

<........#.#...#
#. #....)..##.##
.. #.....####(..
# ####.
####.##### ####
#.#..#. #....#
#...... #.####
.......##.#
#...)g..#
...#.e@..#
#...#.# #...#...
##$####.# #. .#
#. . .. .. ..


You could see Duvessa (berserk) and Ijyb.

Vanquished Creatures
  The ghost of WindUpCitrus the Magician, an amateur DEFE (D:3)
  An ice beast (D:5)
  An ogre (D:5)
  A kobold brigand (D:3)
  A gnoll sergeant (D:3)
  Dowan (D:5)
  A bullfrog zombie (D:5)
  2 jellies (D:5)
  A scorpion zombie (D:5)
  A hound skeleton (D:2)
  3 gnolls (D:3)
  4 adders
  An ufetubus (D:4)
  An adder skeleton (D:4)
  A worm (D:5)
  3 dart slugs
  3 orcs
  8 bats
  10 endoplasms
  A giant cockroach (D:4)
  9 goblins
  5 hobgoblins
  9 jackals
  17 kobolds
  5 quokkas
  3 ball pythons
  A frilled lizard (D:2)
  A rat (D:3)
96 creatures vanquished.

Vanquished Creatures (others)
  A plant (D:1)
1 creature vanquished.

Grand Total: 97 creatures vanquished

Notes
Turn   | Place    | Note
-------+----------+-------------------------------------------
     0 | D:1      | browni3141 the Minotaur Berserker began the quest for the
                  | Orb.
     0 | D:1      | Reached XP level 1. HP: 19/19 MP: 0/0
   511 | D:1      | Reached XP level 2. HP: 27/27 MP: 1/1
   893 | D:1      | Reached skill level 4 in Axes
  1351 | D:2      | Reached skill level 1 in Shields
  1351 | D:2      | Reached XP level 3. HP: 32/33 MP: 2/2
  1530 | D:2      | Found a faded altar of an unknown god.
  1658 | D:2      | Reached ** piety under Trog
  1705 | D:2      | Reached XP level 4. HP: 36/40 MP: 3/3
  2318 | D:3      | Found a runed translucent gate.
  2318 | D:3      | Found a runed translucent gate.
  2318 | D:3      | Found a runed translucent gate.
  2319 | D:3      | Noticed a kobold brigand
  2319 | D:3      | Noticed WindUpCitrus's ghost (amateur DEFE)
  2652 | D:3      | Noticed a gnoll sergeant
  2656 | D:3      | Reached skill level 5 in Axes
  2667 | D:3      | Killed a gnoll sergeant
  2668 | D:3      | Reached XP level 5. HP: 34/46 MP: 4/4
  2968 | D:3      | Killed WindUpCitrus's ghost
  2969 | D:3      | Reached skill level 6 in Axes
  2969 | D:3      | Reached XP level 6. HP: 52/52 MP: 5/5
  3193 | D:4      | Found an ornate altar of the Wu Jian Council.
  3453 | D:4      | Reached skill level 5 in Shields
  3578 | D:4      | Reached *** piety under Trog
  4100 | D:5      | Entered Level 5 of the Dungeon
  4127 | D:5      | Found a staircase to the Ecumenical Temple.
  4232 | D:5      | Reached skill level 7 in Axes
  4343 | D:5      | Reached XP level 7. HP: 59/59 MP: 6/6
  4356 | D:5      | Noticed Ijyb
  4356 | D:5      | Noticed Duvessa
  4356 | D:5      | Noticed Dowan
  4367 | D:5      | Killed Dowan
  4373 | D:5      | Slain by Duvessa

Illustrated notes

Levels and vault maps discovered:
D:1:      grunt_arrival_lava_bath, layout_loops_ring,
          chequers_serial_rivers_micro_d, chequers_avenue, serial_bayou_crossing
D:2:      minmay_skewed_foursquare, layout_rooms,
          dreamdust_ecumenical_altar_grove
D:3:      layout_loops_ring, gammafunk_ghost_nasty_kobolds, kennysheep_doodads,
          minmay_increasing_density
D:4:      layout_basic, minmay_ruined_shrine
D:5:      layout_basic, minmay_temple_entry_waves, uniq_ijyb, uniq_duvessa

Skill      XL: |  1  2  3  4  5  6  7 |
---------------+----------------------+-----
Fighting       | 4 |  4.1
Axes           | 4 5 6 7 |  7.9
Armour         | 3 |  3.0
Shields        | 1 2 3 4 5 6 |  6.5
Dodging        | |  2.1

Action                   |  1- 3 |  4- 6 |  7- 9 || total
-------------------------+-------+-------+-------++-------
Melee: Hand axe          |    88 |    89 |       ||   177
       Headbutt          |    14 |    22 |     1 ||    37
       War axe           |       |    18 |    15 ||    33
Invok: Berserk           |       |     2 |     1 ||     3
 Stab: Sleeping          |       |     2 |       ||     2
Armor: Animal skin       |    26 |    30 |     5 ||    61
Dodge: Dodged            |    50 |    41 |    10 ||   101
Block: Kite shield       |    16 |    47 |    17 ||    80
